 Dungeon Crawl Stone Soup version 0.31-a0-1074-g0b22e4e0f1 (webtiles) character file.

Game seed: 88089753693340896

56 Tryntius the Trooper (level 3, -7/33 HPs)
             Began as a Hill Orc Abyssal Knight on Nov 26, 2020.
             Was a Follower of Lugonu.
             Mangled by Sigmund
             ... wielding a +0 scythe
              (9 damage)
             ... on level 2 of the Dungeon on Dec 2, 2023.
             The game lasted 00:05:52 (1424 turns).

Tryntius the Trooper (Hill Orc Abyssal Knight)      Turns: 1424, Time: 00:05:53

Health: -7/33      AC:  5    Str: 16    XL:     3   Next: 95%
Magic:  5/5        EV: 11    Int: 12    God:    Lugonu [*.....]
Gold:   61         SH:  0    Dex: 10    Spells: 2/2 levels left

rFire   . . .        a - +2 hand axe
rCold   . . .        (no shield)
rNeg    . . .        b - +0 leather armour
rPois   .            (no helmet)
rElec   .            c - +1 cloak
rCorr   .            (no gloves)
SInv    .            (no boots)
Will    .....        (no amulet)
Stlth   +            (no ring)
HPRegen 0.25/turn    (no ring)
MPRegen 0.09/turn

%: no passive effects
@: no status effects
A: no striking features
a: Renounce Religion, Depart the Abyss


You were on level 2 of the Dungeon.
You worshipped Lugonu.
Lugonu was aware of your devotion.
You visited 1 branch of the dungeon, and saw 2 of its levels.
You visited the Abyss 1 time.

You collected 61 gold pieces.

Inventory:

Hand Weapons
 a - a +2 hand axe (weapon)
Armour
 b - a +0 leather armour (worn)
 c - a +1 cloak (worn)
Jewellery
 f - a ring of fire
Scrolls
 h - 2 scrolls of removedness
 i - a scroll of identify {unknown}
 k - a scroll of vulnerability {unknown}
Potions
 d - 2 potions of magic {unknown}
 j - a potion of attraction {unknown}


   Skills:
 + Level 4.2 Fighting
 + Level 3.5 Axes
 + Level 2.9 Armour
 - Level 0.7 Dodging
 + Level 3.4 Invocations


You had 2 spell levels left.
You didn't know any spells.
Your spell library was empty.

Dungeon Overview and Level Annotations

Branches:
Dungeon (2/15)

Altars:

Annotations:
D:2 Sigmund


Message History

Sigmund is suddenly surrounded by pale red light.
Sigmund misses you.
You barely miss Sigmund. Sigmund barely misses you.
You barely miss Sigmund. Sigmund hits you but does no damage.
You closely miss Sigmund. You hit Sigmund.
Sigmund is lightly wounded.
Sigmund hits you with a +0 scythe.
You closely miss Sigmund.
Sigmund is lightly wounded.
Sigmund barely misses you.
You barely miss Sigmund.
Sigmund is lightly wounded.
Sigmund gestures at you while chanting.
You are confused.
Sigmund hits you from afar with a +0 scythe!
You miss Sigmund.
Sigmund is lightly wounded.
Sigmund hits you with a +0 scythe.
* * * LOW HITPOINT WARNING * * *
An adder comes into view.
You barely miss Sigmund.
Sigmund is lightly wounded.
The adder hisses angrily.
Sigmund mumbles some strange words.
Sigmund flickers and vanishes!
Deactivating autopickup; reactivate with Ctrl-A.
You're too confused to move!
You feel less confused. Something hits you.
* * * LOW HITPOINT WARNING * * *
You closely miss something. Something barely misses you.
You hit something but do no damage. You miss something. Something hits you.
* * * LOW HITPOINT WARNING * * *
You hit the adder.
The adder is lightly wounded.
You barely miss something. The adder bites you but does no damage.
Something hits you!
You die...

... .... .... ######
..... #....#
.....#####....#
..............#
......{.......#
......S@......##########
.........(....'.......>.
####..........########.#
#######.....# #.....#
#.....###.#..##
#####........##
#.#...##### #...#......
#..########


You could see an adder.

Vanquished Creatures
  5 endoplasms
  A dart slug (D:1)
  3 bats
  2 ghosts (D:1)
  A giant cockroach (D:1)
  5 goblins (D:1)
  4 hobgoblins
  3 kobolds (D:1)
  A ball python (D:1)
  3 frilled lizards
  6 rats (D:1)
34 creatures vanquished.

Notes
Turn   | Place    | Note
-------+----------+-------------------------------------------
     0 | Abyss:1  | Tryntius the Hill Orc Abyssal Knight began the quest for
                  | the Orb.
     0 | Abyss:1  | Reached XP level 1. HP: 19/19 MP: 2/2
     0 | D:1      | Escaped the Abyss
   161 | D:1      | Reached XP level 2. HP: 27/27 MP: 4/4
   161 | D:1      | Upgraded the game from 0.26-a0-935-g3624241d3c to
                  | 0.31-a0-1074-g0b22e4e0f1
   176 | D:1      | Reached * piety under Lugonu
   376 | D:1      | Reached skill level 4 in Fighting
   376 | D:1      | Reached XP level 3. HP: 33/33 MP: 5/5
  1399 | D:2      | Noticed Sigmund
  1424 | D:2      | Mangled by Sigmund

Illustrated notes

Levels and vault maps discovered:
D:1:      ncdulo_smallfort, layout_basic
D:2:      layout_basic, chequers_ecumenical_altar_island,
          hangedman_decor_opposing, uniq_robin, uniq_sigmund

Skill      XL: |  1  2 |
---------------+-------+-----
Axes           | 3 |  3.5
Fighting       | 4 |  4.2
Invocations    | 3 |  3.4
Armour         | |  2.9
Dodging        | |  0.7

Action                     || total
---------------------------++-------
  Melee: Hand axe          ||    93
 Invoke: Depart the Abyss  ||     1
    Use: Scroll            ||     2
 Armour: Leather armour    ||    37
  Dodge: Dodged            ||    41

Table legend: (Time is in decaauts)
 A = Elapsed time spent in this place.
 B = Non-inter-level travel time spent in this place.
 C = Inter-level travel time spent in this place.
 D = Time resting spent in this place.
 E = Time spent auto-exploring this place.
 F = Levels seen in this place.
 G = Mean time per level.
                   A        B        C        D        E       F      G
               +--------+--------+--------+--------+--------+-----+--------+
         Total |   1436 |   1422 |     14 |      0 |   1182 |   3 |  478.7 |
       Dungeon |   1436 |   1422 |     14 |      0 |   1182 |   2 |  718.0 |
         Abyss |      0 |      0 |      0 |      0 |      0 |   1 |    0.0 |
               +--------+--------+--------+--------+--------+-----+--------+

Top non-repeatable levels by time:
     D:1: 1205 daAuts
     D:2: 231 daAuts
